 Dungeon Crawl Stone Soup version 0.31-a0-435-g2c6fae2916 (webtiles) character file.

Game seed: 2777636584785526382

977 Ethylacetat the Changeling (level 8, 0/54 HPs)
             Began as an Octopode Shapeshifter on Aug 1, 2023.
             Slain by Dowan
             ... wielding a +4 dagger of venom
              (5 damage)
             ... on level 5 of the Dungeon.
             The game lasted 00:05:01 (3894 turns).

Ethylacetat the Changeling (Octopode Shapeshifter)  Turns: 3894, Time: 00:05:01

Health: 0/54       AC:  1    Str: 14    XL:     8   Next: 17%
Magic:  17/17      EV: 13    Int: 11    God:
Gold:   234        SH:  0    Dex: 14    Spells: 7/7 levels left

rFire   + . .        j - +10 dagger of Conversion {flame, *Corrode rN+ Will+}
rCold   . . .        (no shield)
rNeg    + + .        (helmet currently unavailable)
rPois   .            (no amulet)
rElec   .            g - ring of positive energy
rCorr   .            n - ring of protection from fire
SInv    .            q - ring of magical power
Will    +....        (no ring)
Stlth   ++           (no ring)
HPRegen 0.29/turn    (no ring)
MPRegen 0.15/turn    (no ring)
                     (no ring)

%: corrode self (3%)
@: confused, lethally poisoned (0 -> -1), beast-form, ambrosia-drunk
A: beast (slay +4), almost no armour, amphibious, 8 rings, camouflage 1,
gelatinous body 1, (nimble swimmer 1), tentacles
a: Begin Untransformation


You were on level 5 of the Dungeon.
You were a hulking beast.
You visited 1 branch of the dungeon, and saw 5 of its levels.

You collected 234 gold pieces.

Inventory:

Hand Weapons
 j - the +10 dagger of Conversion (weapon) {flame, *Corrode rN+ Will+}
   (You took it off a kobold on level 2 of the Dungeon)

   rN:        It protects you from negative energy.
   *Corrode:  It may corrode you when you take damage.
   Will:      It increases your willpower.
Jewellery
 g - a ring of positive energy (left tentacle)
 n - a ring of protection from fire (right tentacle)
 q - a ring of magical power (on tentacle)
 t - an amulet of the acrobat
Talismans
 b - a beast talisman (active)
Wands
 p - a wand of flame (15)
Scrolls
 c - 2 scrolls of amnesia {unknown}
 d - 2 scrolls of vulnerability {unknown}
 e - a scroll of poison {unknown}
 f - 5 scrolls of immolation {unknown}
 h - 3 scrolls of enchant weapon {unknown}
 k - a scroll of teleportation {unknown}
 m - 4 scrolls of identify {unknown}
 o - a scroll of summoning {unknown}
Potions
 a - 3 potions of lignification
 i - a potion of curing {unknown}
 l - a potion of ambrosia
 r - a potion of brilliance {unknown}
 s - a potion of haste {unknown}
 u - 2 potions of heal wounds {unknown}


   Skills:
 + Level 4.5 Fighting
 - Level 2.0 Dodging
 + Level 5.3 Unarmed Combat
 * Level 6.2 Shapeshifting


You had 7 spell levels left.
You didn't know any spells.
Your spell library contained the following spells:

 Spells                   Type           Power      Damage    Failure   Level
 Necrotise                Necr           0%         1d4       34%         1
 Gell's Gravitas          Tloc           0%         N/A       71%         3
 Ignite Poison            Fire/Tmut/Pois 0%         N/A       71%         3
 Teleport Other           Tloc           0%         N/A       71%         3
 Vampiric Draining        Necr           0%         2d6       71%         3
 Sticky Flame             Conj/Fire      0%         2d3       98%         4
 Dispersal                Tloc           0%         N/A       100%        6
 Borgnjor's Revivificati  Necr           0%         N/A       100%        8
 Ignition                 Fire           0%         3d3       100%        8


Dungeon Overview and Level Annotations

Branches:
Dungeon (5/15)
 Temple: D:4-7

Altars:
Zin

Annotations:
D:5 Dowan


Innate Abilities, Weirdness & Mutations

You are a hulking beast.
Your limbs bulge with bestial killing power. (Slay +4)
You cannot wear most types of armour.
You are amphibious.
You can wear up to eight rings at the same time.
Your skin changes colour to match your surroundings (Stealth+).
Your rubbery body absorbs attacks. (AC +1, EV +1)
((You are camouflaged when in or above water. (Stealth+)))
You have tentacles for arms and can constrict up to eight enemies at once.


Message History

Dowan closely misses you.
You barely miss Dowan. You grab Dowan. You constrict Dowan.
Dowan mumbles some strange words.
Dowan struggles to blink free from constriction.
Dowan shakes with grief.
Dowan closely misses you.
You hit Dowan. You burn Dowan.
Dowan is lightly wounded.
You constrict Dowan.
Dowan hits you with a +4 dagger of venom!
You are poisoned.
You hit Dowan. You burn Dowan.
Dowan is heavily wounded.
You constrict Dowan.
You feel very sick.
Dowan mumbles some strange words.
Dowan blinks free!
You feel very sick.
A water moccasin comes into view.
Dowan zaps a wand.
The puff of flame hits you. You resist.
You are too injured to fight recklessly!
You are too injured to fight recklessly!
You feel sick.
You are too injured to fight recklessly!
You feel sick.
Things that are here:
a +1 short sword of speed; a +0 scale mail; the elf corpse of Duvessa You feel sick.
Dowan hits you with a +4 dagger of venom!
* * * LOW HITPOINT WARNING * * *
You hit Dowan. You burn Dowan. Your grab misses Dowan.
Dowan is severely wounded.
You feel sick.
Dowan hits you with a +4 dagger of venom!
* * * LOW HITPOINT WARNING * * *
It was a potion of ambrosia.
You are confused.
You feel invigorated.
You feel sick.
Dowan hits you with a +4 dagger of venom.
You die...

#.##..........# ######
...)..........# ##......#
..............###....)...
..............##.........
...............#.........
....####....##...........
####........###..........
####.###......#).........
..##.# #......##h.....>..
.....###......##eS.......
.##..........e...........
....##.........#.........
##.....#.......#.........
>..##.#.................
..##.#......#..........
.. ..................#
#....###.#.........#


You could see a water moccasin and Dowan (fast).

Vanquished Creatures
  Eustachio (D:5)
  Duvessa (D:5)
  An ice beast (D:5)
  A black bear (D:5)
  An ogre (D:4)
  A phantom (D:4)
  A scorpion (D:4)
  2 hounds
  A gnoll bouda (D:4)
  Jessica (D:2)
  An iguana (D:5)
  Natasha (D:2)
  4 adders
  5 gnolls
  2 ufetubi
  A worm (D:4)
  5 dart slugs
  5 orcs
  3 endoplasms
  A giant cockroach (D:3)
  8 goblins
  3 hobgoblins
  7 jackals
  8 ball pythons
  5 bats
  3 frilled lizards
  13 kobolds
  2 rats
88 creatures vanquished.

Notes
Turn   | Place    | Note
-------+----------+-------------------------------------------
     0 | D:1      | Ethylacetat the Octopode Shapeshifter began the quest for
                  | the Orb.
     0 | D:1      | Reached XP level 1. HP: 13/13 MP: 1/1
   256 | D:1      | Reached XP level 2. HP: 18/18 MP: 2/2
   446 | D:1      | Reached XP level 3. HP: 18/23 MP: 3/3
   811 | D:1      | Found a faded altar of an unknown god.
   814 | D:1      | Prayed at the altar of an unknown god.
   905 | D:2      | Identified the +10 dagger of Conversion {flame, *Corrode
                  | rN+ Will+}
   947 | D:2      | Noticed Jessica
   952 | D:2      | Killed Jessica
   953 | D:2      | Reached XP level 4. HP: 26/29 MP: 4/4
  1227 | D:2      | Noticed Natasha
  1232 | D:2      | Killed Natasha
  1233 | D:2      | Reached skill level 4 in Shapeshifting
  1781 | D:3      | Reached XP level 5. HP: 35/35 MP: 5/5
  2679 | D:4      | Reached XP level 6. HP: 27/41 MP: 6/6
  3277 | D:4      | Reached skill level 5 in Shapeshifting
  3290 | D:4      | Reached XP level 7. HP: 46/46 MP: 7/7
  3305 | D:5      | Entered Level 5 of the Dungeon
  3306 | D:5      | Noticed Eustachio
  3310 | D:5      | Killed Eustachio
  3400 | D:5      | Got the Vellum of Skeletons
  3716 | D:5      | Reached skill level 5 in Unarmed Combat
  3871 | D:5      | Noticed Duvessa
  3874 | D:5      | Reached skill level 6 in Shapeshifting
  3874 | D:5      | Reached XP level 8. HP: 37/54 MP: 8/8
  3878 | D:5      | Killed Duvessa
  3882 | D:5      | Noticed Dowan
  3894 | D:5      | Slain by Dowan

Illustrated notes

Levels and vault maps discovered:
D:1:      dpeg_arrival_rooms_a, layout_basic,
          shapermc_ecumenical_altar_mp_vishouse
D:2:      layout_loops_ring, minmay_misc_feat_enclosed, kennysheep_another_room,
          mrwooster_statue_mirror, uniq_jessica, uniq_natasha
D:3:      layout_loops_ring, minmay_shallow_snake_nest
D:4:      layout_basic, minmay_cupped
D:5:      layout_rooms, ebering_ghost_rock_garden,
          minmay_misc_feat_secret_circle, uniq_eustachio, uniq_duvessa

Skill      XL: |  1  2  3  4  5  6  7 |
---------------+----------------------+-----
Fighting       | 2 3 4 |  4.5
Shapeshifting  | 4 5 6 |  6.2
Unarmed Combat | 4 5 |  5.3
Dodging        | |  2.0

Action                     |  1- 3 |  4- 6 |  7- 9 || total
---------------------------+-------+-------+-------++-------
  Melee: Unarmed           |    40 |       |       ||    40
         Constrict         |    13 |    17 |     9 ||    39
         Tentacles         |     5 |     8 |     9 ||    22
         Dagger            |     3 |    70 |    32 ||   105
         Punch             |       |     1 |       ||     1
    Use: Potion            |       |       |     1 ||     1
   Stab: Sleeping          |     2 |    11 |     1 ||    14
         Distracted        |       |     1 |       ||     1
 Armour: Skin              |     4 |     3 |       ||     7
  Dodge: Dodged            |    22 |    40 |    21 ||    83

Table legend: (Time is in decaauts)
 A = Elapsed time spent in this place.
 B = Non-inter-level travel time spent in this place.
 C = Inter-level travel time spent in this place.
 D = Time resting spent in this place.
 E = Time spent auto-exploring this place.
 F = Levels seen in this place.
 G = Mean time per level.
                   A        B        C        D        E       F      G
               +--------+--------+--------+--------+--------+-----+--------+
         Total |   3888 |   3782 |    106 |    142 |   3148 |   5 |  777.6 |
       Dungeon |   3888 |   3782 |    106 |    142 |   3148 |   5 |  777.6 |
               +--------+--------+--------+--------+--------+-----+--------+

Top non-repeatable levels by time:
     D:4: 894 daAuts
     D:1: 864 daAuts
     D:3: 810 daAuts
     D:2: 730 daAuts
     D:5: 587 daAuts
